Map: New Repugnancy LE

Players

Silky

  • Race: Zerg Zerg
  • Spawn Location: 1:00

TIME (Oliveira) - Winner!

  • Race: Terran Terran
  • Spawn Location: 7:00

Event: 2019 WCS Winter Americas

VOD

Have the link to the VOD?

Description

Time

  • Played on: Feb. 17, 2019, 2:02 p.m.
  • Length: 11:14

All games in this series

Show
View Real Time Build Order
Export as new Build Order

Silky Zerg 

Build Orders: Pool First, Muta Ling Bane 

Get SALT Encoding   

  12  0:00  Drone  
  13  0:12  Overlord  
  13  0:17  Drone  
  14  0:31  Drone x2  
  16  0:36  Drone  
  17  0:45  Extractor  
  17  0:46  Drone  
  17  0:50  Spawning Pool  
  17  0:55  Drone  
  17  1:07  Drone  
  18  1:18  Hatchery  
  17  1:24  Drone  
  18  1:36  Queen, Zergling x2  
  21  1:46  Metabolic Boost  
  21  1:51  Overlord  
  21  1:55  Drone  
  22  2:10  Drone  
  22  2:12  Queen  
  22  2:15  Drone  
  26  2:22  Drone  
  27  2:29  Queen  
  27  2:30  Drone  
  30  2:47  Hatchery  
  30  2:48  Drone  
  29  2:52  Drone  
  29  2:53  Drone  
  29  2:57  Overlord  
  31  3:00  Drone  
  31  3:04  Drone  
  31  3:05  Drone  
  35  3:12  Zergling x2  
  35  3:13  Zergling x2  
  36  3:21  Drone  
  36  3:22  Drone x4  
  36  3:26  Overlord  
  41  3:29  Drone x2  
  43  3:35  Drone  
  44  3:42  Baneling Nest  
  44  3:43  Overlord  
  44  3:45  Drone  
  44  3:49  Lair  
  44  3:52  Queen  
  46  3:59  Overlord  
  46  4:03  Queen  
  46  4:04  Drone x2  
  46  4:07  Spore Crawler  
  46  4:09  Drone  
  51  4:10  Drone  
  51  4:17  Zergling x8  
  53  4:18  Zergling x2  
  53  4:23  Spore Crawler, Zergling x2  
  56  4:28  Drone x2  
  56  4:29  Drone x2  
  60  4:32  Queen  
  62  4:41  Drone x4  
  65  4:49  Overseer  
  65  4:54  Overlord x2  
  65  4:58  Extractor  
  64  5:00  Extractor  
  64  5:02  Overlord  
  64  5:05  Drone x2  
  64  5:06  Overlord x2  
  65  5:10  Drone  
  65  5:13  Drone  
  71  5:14  Drone x5  
  71  5:15  Spore Crawler  
  71  5:18  Drone  
  71  5:24  Drone x5  
  71  5:25  Drone  
  77  5:32  Drone x2  
  66  5:44  Zergling x2  
  66  5:45  Zergling x12  
  69  5:50  Drone  
  69  5:54  Drone x3  
  71  5:57  Drone  
  71  6:00  Spore Crawler  
  71  6:02  Spore Crawler  
  70  6:05  Drone x2  
  70  6:06  Drone x5  
  70  6:10  Extractor x2  
  77  6:12  Evolution Chamber, Drone  
  77  6:13  Drone  
  77  6:16  Evolution Chamber, Drone  
  78  6:18  Hatchery, Drone  
  78  6:22  Drone  
  79  6:26  Centrifical Hooks, Drone x3  
  79  6:28  Drone x3  
  85  6:34  Zergling x6  
  85  6:37  Zergling x2  
  88  6:41  Zerg Ground Armor Level 1  
  88  6:42  Zerg Melee Weapons Level 1  
  88  6:45  Zergling x8  
  92  6:51  Zergling x2  
  92  6:53  Overseer  
  93  6:54  Zergling x6  
  93  6:57  Drone x4  
  93  6:58  Extractor  
  99  7:02  Spire  
  98  7:09  Zergling x6  
  98  7:10  Zergling x8  
  98  7:13  Overlord  
  103  7:19  Zergling x2  
  103  7:26  Overlord  
  103  7:27  Zergling x4  
  105  7:32  Drone x2  
  105  7:35  Zergling x6  
  105  7:36  Zergling x4  
  112  7:40  Zergling x2  
  112  7:41  Zergling x8  
  112  7:42  Baneling x8  
  117  7:45  Queen  
  117  7:46  Zergling x4  
  117  7:47  Baneling  
  117  7:48  Baneling x11  
  121  7:56  Zergling x6  
  124  8:02  Overlord x2  
  103  8:15  Zergling x18  
  102  8:20  Zergling x4  
  102  8:26  Zergling x4  
  99  8:30  Zergling x8  
  100  8:36  Zergling x6  
  100  8:37  Baneling x2  
  100  8:38  Baneling x4  
  100  8:40  Mutalisk  
  102  8:43  Mutalisk x2  
  102  8:46  Zerg Melee Weapons Level 2  
  108  8:49  Zerg Ground Armor Level 2  
  108  8:50  Hatchery  
  102  8:56  Mutalisk x4  
  102  9:01  Mutalisk  
  100  9:04  Zergling x2  
  100  9:05  Zergling x4  
  100  9:10  Baneling x5  
  100  9:11  Baneling x2  
  100  9:12  Zergling x6  
  103  9:17  Mutalisk x2  
  103  9:19  Zergling x6  
  110  9:30  Zergling x8  
  114  9:35  Baneling x2  
  114  9:36  Baneling, Zergling x6  
  117  9:39  Hatchery  
  117  9:40  Mutalisk  
  118  9:45  Mutalisk  
  118  9:51  Zergling x4  
  122  9:53  Overlord x2  
  122  10:02  Overlord  
  118  10:07  Overlord  
  118  10:09  Overlord  
  118  10:10  Drone  
  118  10:11  Drone x5  
  109  10:22  Mutalisk x4  
  109  10:27  Zergling x6  
  114  10:31  Mutalisk  
  114  10:34  Baneling x3, Zergling x2  
  114  10:35  Zergling x2  
  118  10:38  Zergling x2  
  119  10:44  Zergling x2  
  119  10:45  Zergling x2  
  119  10:46  Baneling x2  
  119  10:48  Zergling x4  
  120  10:52  Zergling x2  
Show
View Real Time Build Order
Export as new Build Order

TIME Terran - Winner!

Build Orders: Liberator Opening, Reaper Expand 

Get SALT Encoding   

  12  0:00  SCV  
  13  0:13  SCV  
  14  0:17  Supply Depot  
  14  0:25  SCV  
  15  0:39  SCV  
  15  0:40  Barracks  
  16  0:45  Refinery  
  16  0:51  SCV  
  17  1:03  SCV  
  18  1:15  SCV  
  19  1:28  Reaper, Orbital Command  
  20  1:41  Command Center  
  20  1:52  Supply Depot  
  20  1:54  SCV  
  20  2:00  Marine  
  22  2:06  SCV  
  23  2:09  Factory  
  23  2:15  Refinery  
  23  2:18  SCV  
  24  2:23  Barracks Reactor  
  24  2:31  SCV  
  25  2:43  SCV  
  26  2:53  Widow Mine  
  26  2:55  SCV, Starport  
  29  3:01  Marine  
  29  3:02  Marine  
  29  3:04  Orbital Command  
  31  3:07  SCV  
  32  3:15  Factory Tech Lab  
  32  3:19  SCV, Marine x2  
  35  3:27  Supply Depot  
  35  3:30  SCV  
  35  3:31  SCV, Medivac  
  39  3:42  SCV  
  39  3:43  SCV  
  39  3:45  Hellion x2, Marine  
  39  3:46  Stimpack  
  45  3:48  Liberator  
  45  3:54  SCV  
  46  3:57  Supply Depot  
  46  4:06  Hellion x2  
  46  4:09  SCV  
  54  4:18  SCV  
  54  4:20  Command Center  
  55  4:26  Marine  
  55  4:29  Supply Depot  
  56  4:32  SCV  
  56  4:34  SCV  
  56  4:36  Factory Tech Lab  
  58  4:44  SCV  
  57  4:45  Barracks  
  57  4:48  Barracks, Marine  
  57  4:52  Starport Reactor  
  58  4:54  SCV  
  58  4:56  SCV  
  60  5:00  Engineering Bay  
  60  5:01  Engineering Bay  
  60  5:02  Refinery  
  60  5:03  Refinery  
  60  5:05  Marine  
  61  5:12  SCV  
  61  5:13  SCV  
  62  5:19  Siege Tank  
  57  5:23  Marine  
  57  5:25  SCV x2  
  60  5:36  Marine  
  60  5:37  SCV x2  
  60  5:38  Starport Reactor  
  60  5:40  Marine  
  61  5:43  Marine  
  61  5:46  Marine  
  61  5:48  Terran Infantry Weapons Level 1, Terran Infantry Armor Level 1  
  61  5:49  SCV, Marine  
  63  5:51  Orbital Command  
  63  5:53  Siege Tank  
  63  5:54  Marine  
  63  5:58  Marine  
  63  5:59  SCV  
  63  6:01  Marine  
  63  6:03  Marine  
  68  6:04  SCV, Combat Shield  
  68  6:07  Marine  
  67  6:11  Supply Depot  
  67  6:12  Marine  
  67  6:14  Medivac, Orbital Command  
  67  6:15  Medivac  
  67  6:16  Marine  
  73  6:18  Marine  
  73  6:19  SCV x2  
  73  6:21  Marine  
  77  6:25  Armory  
  77  6:26  Marine  
  77  6:27  Supply Depot  
  77  6:29  Siege Tank  
  77  6:31  Marine  
  82  6:33  SCV x2  
  82  6:34  Marine  
  82  6:39  Marine  
  86  6:40  SCV  
  86  6:41  Marine  
  86  6:43  Supply Depot  
  86  6:45  SCV  
  89  6:48  Medivac  
  89  6:49  Medivac  
  89  6:52  SCV  
  89  6:53  SCV, Marine  
  96  6:55  Supply Depot, Marine x2  
  96  6:57  SCV, Marine  
  100  7:04  SCV  
  100  7:07  Barracks  
  100  7:08  SCV, Supply Depot, Barracks  
  102  7:11  Siege Tank  
  105  7:17  Marine x3  
  105  7:18  Marine  
  105  7:20  SCV  
  105  7:21  SCV  
  111  7:23  SCV  
  111  7:24  Marine  
  111  7:27  Supply Depot  
  113  7:32  SCV  
  113  7:35  Marine x3  
  117  7:39  SCV  
  117  7:40  Marine  
  117  7:42  SCV  
  117  7:44  SCV  
  119  7:46  Supply Depot, Refinery  
  119  7:47  Marine  
  119  7:50  Siege Tank, Supply Depot  
  119  7:51  Terran Infantry Weapons Level 2  
  123  7:52  Marine, Supply Depot  
  123  7:53  Marine  
  125  8:00  Barracks Reactor  
  125  8:03  Barracks Reactor  
  125  8:04  Marine x2  
  125  8:05  Marine  
  128  8:07  Medivac x2  
  128  8:08  SCV  
  128  8:10  Marine  
  122  8:14  Marine  
  122  8:19  SCV  
  115  8:22  Marine x2  
  115  8:23  Marine  
  118  8:28  Marine  
  118  8:32  Marine  
  119  8:37  SCV x2  
  119  8:40  Refinery, Command Center, Marine x3  
  122  8:43  Terran Infantry Armor Level 2  
  122  8:44  Marine, Factory, Terran Vehicle Weapons Level 1  
  122  8:47  Marine  
  124  8:49  Marine x2  
  124  8:50  SCV, Siege Tank  
  124  8:54  Marine  
  128  9:01  Marine x2  
  122  9:02  Marine  
  122  9:03  Marine x2  
  122  9:05  Marine  
  122  9:06  Medivac x2, Marine  
  131  9:10  Marine  
  131  9:14  Marine  
  133  9:19  Marine  
  133  9:20  Marine, Sensor Tower, Supply Depot  
  133  9:21  Supply Depot  
  135  9:24  Siege Tank, Marine x2  
  135  9:25  Marine x3  
  135  9:28  Marine  
  144  9:32  Marine  
  144  9:36  Factory Tech Lab  
  144  9:37  Marine  
  146  9:38  Marine  
  146  9:42  Missile Turret x2, Marine x3  
  146  9:43  Marine x2  
  152  9:45  Marine  
  152  9:47  SCV x2  
  152  9:49  SCV  
  152  9:50  Marine  
  152  9:52  Missile Turret  
  154  9:54  Medivac  
  154  9:55  Marine  
  154  9:56  Marine  
  154  9:59  SCV x2  
  158  10:01  SCV  
  158  10:05  Marine  
  158  10:06  Marine x2  
  161  10:08  Marine x3  
  161  10:09  Marine  
  161  10:11  SCV  
  161  10:13  Siege Tank  
  169  10:17  Marine  
  157  10:23  Marine  
  157  10:24  Siege Tank, Marine x3  
  157  10:26  Marine  
  158  10:29  Planetary Fortress  
  158  10:31  SCV  
  158  10:34  Marine  
  160  10:37  Missile Turret  
  160  10:38  SCV  
  160  10:41  Marine  
  162  10:42  Marine  
  162  10:45  Marine  
  162  10:47  Marine  
  162  10:49  Marine x2  
  174  10:50  Marine  
  174  10:56  Marine  
  173  10:58  SCV x2  
  173  10:59  SCV  
  173  11:00  Missile Turret  
Tags
 
Add a new tag
Caveats
  • Supply blocks, unpowered buildings, or Contaminate may cause inaccurate times.
  • Supply counts are checked every 10 seconds.